Map: Odyssey LE

Players

Reynor

  • Race: Zerg Zerg
  • League: Grandmaster
  • Spawn Location: 11:00

Bly - Winner!

  • Race: Zerg Zerg
  • Spawn Location: 5:00

Event: WESG Barcelona European Finals 2017

VOD

Have the link to the VOD?

Description

Time

  • Played on: Nov. 23, 2017, 11:44 a.m.
  • Length: 8:47

All games in this series

Show
View Real Time Build Order
Export as new Build Order

Reynor Zerg 

Build Orders: Pool First, Zergling Baneling 

Get SALT Encoding   

  12  0:01  Drone  
  13  0:12  Overlord  
  13  0:17  Drone  
  14  0:31  Drone x2  
  14  0:34  Drone  
  17  0:38  Extractor  
  16  0:46  Drone  
  17  0:51  Spawning Pool  
  17  0:55  Drone  
  17  1:17  Hatchery  
  16  1:21  Drone  
  17  1:37  Queen  
  17  1:38  Zergling x2  
  20  1:40  Zergling x2  
  21  1:47  Metabolic Boost  
  21  1:51  Drone  
  22  2:00  Overlord  
  22  2:05  Baneling Nest  
  21  2:13  Zergling x2  
  22  2:20  Zergling x2  
  22  2:22  Zergling x2  
  24  2:31  Zergling x2  
  24  2:33  Queen  
  24  2:35  Zergling x2  
  28  2:41  Zergling x2  
  28  2:43  Zergling x2  
  30  2:50  Baneling x2  
  30  2:51  Zergling x4  
  30  2:54  Zergling x2  
  30  2:57  Zergling x2  
  34  3:04  Zergling x4  
  36  3:11  Overlord  
  36  3:16  Baneling  
  36  3:19  Overlord  
  35  3:28  Overlord  
  35  3:30  Zergling x2  
  35  3:34  Zergling x2  
  35  3:37  Baneling x2  
  35  3:38  Baneling  
  34  3:42  Drone  
  34  3:43  Drone  
  32  3:50  Drone x2  
  32  3:55  Drone  
  29  3:57  Drone  
  29  3:59  Drone  
  31  4:07  Drone  
  31  4:08  Drone x2  
  33  4:22  Drone  
  34  4:25  Zergling x10  
  38  4:39  Zergling x8  
  38  4:44  Zergling x8  
  46  4:47  Zergling x4  
  46  4:51  Zergling x2  
  49  4:53  Baneling x2  
  49  4:57  Zergling x2  
  50  5:06  Hatchery  
  49  5:08  Zergling x2  
  49  5:10  Zergling x2  
  49  5:13  Baneling  
  51  5:16  Zergling x2, Drone x2  
  53  5:22  Zergling x4  
  53  5:23  Drone  
  53  5:25  Drone  
  53  5:27  Drone  
  54  5:30  Drone  
  54  5:35  Drone  
  54  5:36  Evolution Chamber  
  55  5:43  Drone  
  55  5:44  Drone x3  
  55  5:45  Drone  
  57  5:56  Drone x2  
  59  6:03  Zerg Missile Weapons Level 1  
  59  6:04  Overlord  
  59  6:05  Roach Warren  
  58  6:12  Drone  
  58  6:13  Drone, Extractor  
  58  6:14  Extractor  
  58  6:15  Drone  
  58  6:17  Drone x2  
  60  6:23  Zergling x8  
  64  6:36  Overlord  
  64  6:37  Overlord  
  64  6:46  Roach x2  
  64  6:47  Roach x3  
  70  6:52  Overlord  
  71  6:54  Roach  
  71  6:55  Zergling x8  
  71  7:02  Roach x2  
  71  7:03  Baneling x2  
  71  7:06  Roach x2  
  71  7:07  Zergling x4  
  81  7:10  Roach  
  81  7:12  Zergling x6  
  84  7:16  Roach  
  84  7:20  Roach  
  84  7:21  Queen  
  88  7:27  Zergling x4  
  88  7:28  Roach  
  78  7:31  Queen  
  78  7:35  Roach  
  78  7:36  Roach  
  77  7:40  Roach  
  69  7:48  Roach  
  69  7:50  Zergling x2  
  71  8:00  Roach  
  71  8:02  Roach x3  
  73  8:07  Roach  
  73  8:10  Spine Crawler  
  74  8:14  Roach  
  80  8:24  Roach  
Show
View Real Time Build Order
Export as new Build Order

Bly Zerg - Winner!

Build Orders: Hatch First 

Get SALT Encoding   

  12  0:01  Drone  
  13  0:13  Overlord  
  13  0:18  Drone  
  14  0:32  Drone x2  
  14  0:35  Drone  
  17  0:52  Hatchery  
  16  0:57  Drone  
  16  0:58  Drone  
  16  1:01  Extractor  
  17  1:14  Spawning Pool  
  17  1:17  Drone  
  17  1:20  Drone  
  18  1:30  Drone  
  19  1:40  Overlord  
  19  1:51  Drone  
  20  2:01  Queen  
  20  2:02  Zergling x2  
  20  2:04  Zergling x2, Queen  
  20  2:07  Metabolic Boost  
  26  2:11  Drone  
  26  2:14  Drone  
  28  2:30  Drone x2  
  30  2:38  Drone x2  
  30  2:40  Queen  
  34  2:44  Overlord  
  34  2:54  Roach Warren  
  34  2:55  Drone x2  
  35  3:01  Spine Crawler  
  34  3:10  Evolution Chamber  
  34  3:12  Zergling x12  
  38  3:15  Zergling x2  
  38  3:19  Zergling x4  
  41  3:27  Zergling x2  
  41  3:28  Zergling x2  
  40  3:37  Zergling x4  
  42  3:43  Zergling x2  
  42  3:45  Roach  
  40  3:55  Roach x3  
  40  4:06  Drone x2  
  40  4:09  Queen  
  41  4:17  Drone  
  44  4:18  Overlord  
  44  4:21  Overlord  
  44  4:25  Overlord  
  44  4:27  Overlord  
  42  4:41  Drone x7  
  42  4:44  Zerg Missile Weapons Level 1  
  49  4:56  Extractor  
  49  4:59  Extractor  
  47  5:01  Overlord  
  47  5:02  Drone x3  
  50  5:07  Roach x2  
  50  5:08  Roach  
  50  5:13  Roach  
  58  5:15  Overlord  
  58  5:19  Overlord  
  59  5:27  Roach  
  59  5:28  Roach  
  61  5:31  Drone x3  
  61  5:32  Drone  
  61  5:35  Extractor  
  58  5:45  Roach  
  58  5:46  Roach x3  
  66  5:52  Roach  
  66  5:53  Overlord  
  67  5:58  Roach  
  67  6:01  Roach  
  67  6:03  Roach  
  73  6:07  Roach  
  73  6:11  Zergling x8, Roach  
  81  6:19  Zergling x2  
  81  6:24  Zergling x8, Hatchery  
  85  6:32  Zergling x2  
  86  6:42  Roach x5  
  96  6:52  Zerg Ground Armor Level 1  
  96  7:01  Hatchery  
  95  7:02  Roach x4  
  102  7:13  Roach x3  
  106  7:21  Drone x4  
  107  7:28  Ravager x2  
  104  7:32  Zergling x6  
  104  7:36  Zergling x6  
  102  7:43  Ravager  
  102  7:44  Zergling x4, Ravager  
  99  7:53  Drone x2  
  99  7:55  Extractor  
  100  7:59  Drone  
  100  8:00  Drone x2  
  100  8:03  Drone x4  
  107  8:07  Drone  
  107  8:11  Overlord  
  108  8:14  Overlord  
Tags
 
Add a new tag
Caveats
  • Supply blocks, unpowered buildings, or Contaminate may cause inaccurate times.
  • Supply counts are checked every 10 seconds.